Map: Honorgrounds LE

Players

Krr

  • Race: Protoss Protoss
  • League: Grandmaster
  • Spawn Location: 1:00

Arctur - Winner!

  • Race: Terran Terran
  • League: Diamond
  • Spawn Location: 11:00

Event: IEM XI Katowice - World Championship 2017

VOD

Have the link to the VOD?

Description

Time

  • Played on: Feb. 28, 2017, 3:50 a.m.
  • Length: 13:17

All games in this series

Show
View Real Time Build Order
Export as new Build Order

Krr Protoss 

Build Orders: Oracle Opening 

Get SALT Encoding   

  12  0:00  Probe (Chrono Boost)  
  13  0:11  Probe (Chrono Boost)  
  14  0:17  Pylon  
  14  0:22  Probe (Chrono Boost)  
  16  0:35  Probe (Chrono Boost)  
  16  0:37  Gateway  
  16  0:43  Assimilator  
  16  0:47  Probe (Chrono Boost)  
  17  0:52  Assimilator  
  17  0:57  Probe (Chrono Boost)  
  18  1:08  Probe (Chrono Boost)  
  20  1:18  Probe (Chrono Boost)  
  20  1:25  Cybernetics Core  
  20  1:29  Pylon, Probe (Chrono Boost)  
  21  1:39  Probe (Chrono Boost)  
  22  1:50  Probe (Chrono Boost)  
  23  2:01  Stargate, Adept  
  23  2:02  Mothership Core (Chrono Boost)  
  27  2:10  Pylon  
  27  2:13  Warp Gate  
  27  2:22  Probe (Chrono Boost)  
  28  2:25  Adept  
  30  2:34  Probe (Chrono Boost)  
  31  2:41  Oracle  
  34  2:55  Pylon  
  34  2:56  Pylon  
  34  2:57  Pylon  
  33  3:08  Pylon  
  33  3:09  Pylon  
  33  3:14  Oracle  
  30  3:36  Probe (Chrono Boost)  
  29  3:46  Nexus  
  29  3:48  Probe (Chrono Boost)  
  30  3:51  Oracle  
  33  4:16  Pylon, Probe (Chrono Boost)  
  34  4:17  Pylon  
  34  4:22  Oracle  
  38  4:32  Probe (Chrono Boost)  
  38  4:44  Probe (Chrono Boost)  
  39  4:49  Adept  
  41  4:53  Oracle  
  41  4:56  Probe (Chrono Boost)  
  45  5:02  Probe (Chrono Boost)  
  47  5:08  Probe (Chrono Boost)  
  47  5:13  Probe (Chrono Boost)  
  48  5:19  Robotics Facility  
  48  5:20  Twilight Council  
  48  5:21  Probe (Chrono Boost)  
  49  5:24  Probe (Chrono Boost)  
  49  5:25  Assimilator  
  50  5:33  Probe (Chrono Boost)  
  50  5:34  Probe (Chrono Boost)  
  52  5:38  Assimilator  
  52  5:45  Probe x2 (Chrono Boost)  
  52  5:48  Blink  
  54  5:55  Probe (Chrono Boost)  
  56  5:57  Probe (Chrono Boost)  
  56  6:06  Observer  
  56  6:08  Gateway x2  
  57  6:13  Probe x2 (Chrono Boost)  
  57  6:14  Gateway  
  57  6:15  Pylon  
  57  6:18  Pylon  
  59  6:25  Observer, Probe x2 (Chrono Boost)  
  61  6:26  Stalker  
  64  6:35  Gateway  
  64  6:36  Gateway  
  66  6:40  Probe x2 (Chrono Boost)  
  66  6:50  Pylon, Observer, Stalker  
  69  7:06  Probe x2 (Chrono Boost)  
  71  7:13  Stalker x4  
  78  7:27  Pylon  
  78  7:29  Probe x2 (Chrono Boost)  
  76  7:37  Stalker x3  
  76  7:38  Stalker  
  76  7:41  Resonating Glaives, Probe x2 (Chrono Boost)  
  86  7:53  Forge  
  86  7:55  Forge  
  86  8:01  Sentry x3, Stalker x2  
  96  8:09  Stalker  
  97  8:17  Probe x2 (Chrono Boost)  
  98  8:26  Pylon  
  98  8:27  Pylon  
  98  8:28  Pylon  
  98  8:30  Protoss Ground Armor Level 1, Protoss Ground Weapons Level 1  
  98  8:44  Nexus  
  98  8:56  Adept x2  
  98  8:57  Adept x3  
  98  8:58  Adept  
  110  9:04  Pylon  
  110  9:13  Pylon  
  110  9:21  Adept x4  
  107  9:41  Adept x3  
  107  9:42  Adept x3  
  119  9:49  Warp Prism  
  121  10:08  Protoss Ground Armor Level 2  
  121  10:09  Nexus  
  121  10:19  Sentry x2  
  124  10:21  Pylon  
  124  10:22  Pylon  
  124  10:24  Pylon  
  124  10:42  Adept x5  
  134  10:52  Stalker  
  133  11:10  Sentry  
  133  11:11  Adept x3, Sentry  
  135  11:21  Adept  
  101  11:32  Stalker x2  
  101  11:33  Stalker  
  104  11:52  Stalker  
  106  12:01  Stalker  
  95  12:18  Sentry x4  
  95  12:19  Sentry  
  99  12:29  Stalker  
  81  12:42  Adept x3  
  81  12:43  Stalker  
  85  12:44  Stalker  
  83  13:01  Adept  
  83  13:02  Adept  
  83  13:03  Adept  
Show
View Real Time Build Order
Export as new Build Order

Arctur Terran - Winner!

Build Orders: Command Center First (CC), MMM Bio 

Get SALT Encoding   

  12  0:00  SCV  
  13  0:12  SCV  
  14  0:18  Supply Depot  
  14  0:25  SCV  
  15  0:40  SCV  
  16  0:52  SCV  
  17  1:00  Command Center  
  17  1:04  SCV  
  18  1:15  Barracks  
  18  1:19  SCV  
  19  1:29  Barracks  
  19  1:33  SCV  
  20  1:45  SCV  
  21  1:48  Barracks  
  21  2:02  Orbital Command  
  21  2:03  Marine  
  22  2:13  Orbital Command  
  22  2:16  Marine  
  22  2:21  Marine  
  24  2:28  SCV  
  25  2:30  Refinery  
  25  2:34  Marine x2  
  27  2:39  Marine, SCV  
  27  2:42  SCV  
  30  2:48  Engineering Bay  
  30  2:52  Marine  
  30  2:54  SCV  
  32  3:02  Marine x2  
  33  3:10  Marine  
  32  3:19  Marine  
  32  3:20  Marine  
  33  3:28  Marine, Missile Turret  
  31  3:37  Marine x2  
  32  3:42  SCV  
  32  3:43  SCV  
  32  3:44  Refinery  
  35  3:50  Bunker, Barracks Tech Lab  
  35  3:54  SCV  
  35  3:55  Marine x2  
  35  3:58  SCV  
  37  4:10  SCV  
  37  4:15  Missile Turret  
  38  4:21  Supply Depot  
  38  4:24  Supply Depot  
  38  4:33  Factory  
  38  4:39  Barracks Reactor  
  38  4:40  Barracks Tech Lab  
  38  4:43  Marine, SCV x2  
  39  4:55  SCV x2  
  41  5:05  Combat Shields  
  41  5:06  Marine x2  
  43  5:07  SCV  
  43  5:08  SCV  
  37  5:15  Marine  
  37  5:16  Marine  
  37  5:19  SCV  
  37  5:20  Starport  
  40  5:26  Supply Depot, SCV  
  40  5:27  Marine x2, Refinery  
  43  5:28  Factory Reactor  
  43  5:31  SCV  
  43  5:33  Marine  
  43  5:34  Marine  
  46  5:38  SCV  
  47  5:43  SCV  
  47  5:45  Marine x2  
  43  5:50  SCV  
  43  5:51  Marine  
  43  5:52  Marine  
  43  5:54  Liberator  
  43  5:55  SCV  
  44  6:02  SCV  
  44  6:03  Marine x2  
  45  6:08  SCV  
  46  6:14  SCV, Medivac  
  52  6:20  SCV  
  53  6:25  Stimpack  
  53  6:26  SCV, Barracks Reactor  
  53  6:28  Marine x2  
  53  6:31  Missile Turret  
  53  6:32  SCV  
  57  6:35  Supply Depot  
  57  6:39  Terran Infantry Weapons Level 1, SCV  
  58  6:43  Supply Depot  
  58  6:44  SCV  
  59  6:51  SCV  
  59  6:52  Marine x2  
  62  6:56  Widow Mine  
  62  6:57  Marine, SCV  
  66  7:03  SCV  
  66  7:04  Marine x2  
  66  7:07  Medivac  
  71  7:09  Marine x2, SCV  
  71  7:12  Medivac  
  71  7:15  Marine  
  77  7:26  Marine  
  78  7:40  Supply Depot  
  78  7:41  Marine x4, Widow Mine, Medivac  
  86  7:56  Liberator  
  86  7:58  Barracks  
  86  7:59  Barracks  
  86  8:00  Command Center  
  86  8:01  Marine x2, Medivac  
  86  8:03  Supply Depot  
  90  8:07  Marine, Marauder  
  90  8:10  Factory Reactor  
  93  8:14  Refinery  
  93  8:16  SCV  
  94  8:20  Liberator  
  94  8:24  Marine, SCV  
  96  8:32  Marine x3  
  96  8:33  Marauder  
  99  8:37  Concussive Shells  
  102  8:41  Terran Infantry Armor Level 1  
  102  8:45  Supply Depot  
  102  8:49  Liberator  
  102  8:51  Barracks Tech Lab  
  102  8:58  Supply Depot  
  102  9:06  Widow Mine x2  
  102  9:08  Supply Depot  
  109  9:11  Marauder, Barracks Tech Lab  
  109  9:13  SCV  
  109  9:15  SCV  
  112  9:31  Liberator  
  98  9:32  Liberator  
  98  9:38  Marine x3, Marauder x2  
  97  9:39  Marauder, SCV x2  
  106  10:02  SCV x2  
  106  10:04  Refinery x2, Orbital Command  
  108  10:10  Armory  
  108  10:13  Liberator, Engineering Bay  
  108  10:15  Liberator  
  108  10:17  Widow Mine x2  
  108  10:19  SCV x2  
  113  10:34  SCV  
  113  10:35  Supply Depot, SCV  
  121  10:36  Supply Depot, SCV  
  121  10:40  Marine  
  123  10:43  Ghost Academy  
  123  10:45  Widow Mine x2  
  123  10:48  SCV  
  128  10:50  SCV  
  128  10:51  SCV, Starport  
  128  10:57  Liberator  
  130  10:59  Supply Depot  
  130  11:00  SCV  
  130  11:01  Supply Depot  
  130  11:02  SCV  
  130  11:03  SCV  
  130  11:12  Marine x3  
  130  11:13  Marauder  
  130  11:15  Liberator  
  135  11:20  Marine  
  135  11:21  Marine, Marauder  
  114  11:33  Marine x2  
  114  11:34  Marauder  
  114  11:35  Marine  
  114  11:38  Marine x2  
  118  11:49  Marauder  
  118  11:51  Marine x2, SCV x2  
  118  11:52  Marine  
  125  11:57  Marine x2, Marauder  
  125  11:58  Liberator  
  121  12:08  Marine  
  121  12:09  Marine  
  121  12:10  Marine, Marauder  
  121  12:11  Liberator  
  121  12:15  Marine, Widow Mine  
  125  12:16  Marauder  
  125  12:18  Marine  
  127  12:26  Marine  
  127  12:28  Widow Mine  
  127  12:29  Marine x2  
  125  12:31  Marauder  
  125  12:33  Marine  
  120  12:53  Marauder, Command Center  

Tags
 
Add a new tag
Caveats
  • Supply blocks, unpowered buildings, or Contaminate may cause inaccurate times.
  • Supply counts are checked every 10 seconds.